 Dungeon Crawl Stone Soup version 0.31-a0-466-g98c9adc2b6 (webtiles) character file.

Game seed: 12414038018794867853

770 HallandMoats the Trooper (level 7, -2/56 HPs)
             Began as a Demonspawn Fighter on Aug 5, 2023.
             Was a Follower of Qazlal.
             Killed by nerve-wracking pain
             ... invoked by an orc priest
              (6 damage)
             ... on level 6 of the Dungeon.
             The game lasted 00:06:41 (3393 turns).

HallandMoats the Trooper (Demonspawn Fighter)       Turns: 3393, Time: 00:06:42

Health: -2/56      AC:  9    Str: 16    XL:     7   Next: 52%
Magic:  10/10      EV: 10    Int: 12    God:    Qazlal [*.....]
Gold:   234        SH: 12    Dex: 12    Spells: 6/6 levels left

rFire   + . .        a - +1 war axe
rCold   + + .        c - +0 buckler
rNeg    + . .        m - +6 leather armour of the Arcane {rC++}
rPois   .            (helmet currently unavailable)
rElec   .            (cloak currently unavailable)
rCorr   .            (gloves currently unavailable)
SInv    .            (boots currently unavailable)
Will    .....        (no amulet)
Stlth   +            l - ring of protection from fire
HPRegen 0.29/turn    u - ring of positive energy
MPRegen 0.12/turn

%: no passive effects
@: beast-form
A: beast (slay +2), large bone plates 2, foul stench 1, demonic touch 1
a: Begin Untransformation, Renounce Religion


You were on level 6 of the Dungeon.
You worshipped Qazlal.
Qazlal was aware of your devotion.
You were a hulking beast.
You visited 1 branch of the dungeon, and saw 6 of its levels.

You collected 234 gold pieces.

Inventory:

Hand Weapons
 a - a +1 war axe (weapon)
Armour
 c - a +0 buckler (worn)
 m - the +6 leather armour of the Arcane (worn) {rC++}
   (You found it on level 2 of the Dungeon)

   rC:        It greatly protects you from cold.
Jewellery
 l - a ring of protection from fire (left hand)
 u - a ring of positive energy (right hand)
Talismans
 o - a beast talisman (active)
Wands
 v - a wand of flame (19)
Scrolls
 e - 3 scrolls of teleportation {unknown}
 g - a scroll of fog
 h - a scroll of amnesia {unknown}
 n - a scroll of poison
 q - a scroll of noise
 r - 2 scrolls of enchant armour
Potions
 b - 2 potions of heal wounds {unknown}
 d - 2 potions of might
 f - a potion of cancellation {unknown}
 i - a potion of attraction {unknown}
 j - 3 potions of curing {unknown}
 k - a potion of resistance {unknown}
 p - a potion of invisibility {unknown}
 s - a potion of haste {unknown}
 t - a potion of lignification {unknown}


   Skills:
 + Level 5.0 Fighting
 + Level 4.0 Axes
 - Level 2.6 Armour
 - Level 2.6 Shields
 + Level 4.9 Invocations
 * Level 3.3 Shapeshifting


You had 6 spell levels left.
You didn't know any spells.
Your spell library contained the following spells:

 Spells                   Type           Power      Damage    Failure   Level
 Ensorcelled Hibernation  Hex/Ice        0%         N/A       63%         2
 Passwall                 Tmut/Erth      0%         N/A       63%         2
 Swiftness                Air            0%         N/A       85%         3
 Haunt                    Necr/Summ      0%         N/A       100%        7
 Borgnjor's Revivificati  Necr           0%         N/A       100%        8
 Death's Door             Necr           0%         N/A       100%        9


Dungeon Overview and Level Annotations

Branches:
Dungeon (6/15)             Temple (0/1) D:4

Altars:
Qazlal
Sif Muna

Shops:
D:4 *


Innate Abilities, Weirdness & Mutations

You are a hulking beast.
Your limbs bulge with bestial killing power. (Slay +2)
You are mostly covered in large bone plates. (SH +6)
You may rarely emit foul miasma when damaged in melee.
Your touch may inflict minor irresistible damage on your foes.


Message History

You slash the adder!
You kill the adder!
Qazlal accepts your kill.
You slash the orc!
You kill the orc!
Qazlal accepts your kill.
You feel sick. You block the adder's attack. The orc priest barely misses you.
You hit the orc priest but do no damage.
The orc priest is lightly wounded.
You closely miss the adder.
You feel sick.
You are no longer poisoned.
You block the adder's attack.
The orc priest hits you but does no damage.
The adder bites you but does no damage.
You slash the orc priest!
The orc priest is severely wounded.
You hit the adder. The orc priest hits you with a +0 club.
* * * LOW HITPOINT WARNING * * *
You block the adder's attack. The orc priest barely misses you.
The adder bites you but does no damage.
You hit the orc priest but do no damage.
The orc priest is heavily wounded.
You slash the adder!
You kill the adder!
Qazlal accepts your kill. You block the orc priest's attack.
You hit the orc priest.
The orc priest is severely wounded.
You block the orc priest's attack.
You hit the orc priest.
The orc priest is almost dead.
The orc priest invokes the aid of Beogh against you.
Beogh smites you!
* * * LOW HITPOINT WARNING * * *
You block the orc priest's attack.
You hit the orc priest but do no damage.
The orc priest is almost dead.
The orc priest mumbles some strange prayers to Beogh against you.
Pain shoots through your body!
You die...

#........ #.....[..
#.......).. ##........
.......... ..........
.......... ..........
#......$.. ##.#######
#.........
....###########.........
###.......##...††o......
# #######.......h)......
# ####....○)...... #
#######...... # ##....
###


You could see an orc priest.

Vanquished Creatures
  2 ogres (D:4)
  A scorpion (D:3)
  A gnoll bouda (D:5)
  5 hounds
  A jelly (D:5)
  2 iguanas (D:4)
  4 gnolls (D:5)
  14 adders
  A white imp (D:5)
  An ufetubus (D:5)
  4 worms
  5 dart slugs
  6 orcs
  8 ball pythons
  7 endoplasms
  6 giant cockroaches
  6 goblins
  5 hobgoblins
  9 quokkas
  4 bats (D:1)
  A frilled lizard (D:1)
  2 kobolds
  5 rats
100 creatures vanquished.

Notes
Turn   | Place    | Note
-------+----------+-------------------------------------------
     0 | D:1      | HallandMoats the Demonspawn Fighter began the quest for the
                  | Orb.
     0 | D:1      | Reached XP level 1. HP: 18/18 MP: 1/1
    25 | D:1      | Reached skill level 1 in Invocations
    25 | D:1      | Gained mutation: You are partially covered in large bone
                  | plates. (SH +4) [demonic ancestry]
    25 | D:1      | Reached XP level 2. HP: 11/24 MP: 2/2
   335 | D:1      | Found a faded altar of an unknown god.
   607 | D:1      | Reached XP level 3. HP: 26/29 MP: 4/4
   819 | D:2      | Found a stormy altar of Qazlal.
   832 | D:2      | Became a worshipper of Qazlal Stormbringer
   998 | D:2      | Identified the +6 leather armour of the Arcane {rC++}
  1031 | D:2      | Gained mutation: You may rarely emit foul miasma when
                  | damaged in melee. [demonic ancestry]
  1031 | D:2      | Reached XP level 4. HP: 37/37 MP: 5/5
  1626 | D:3      | Found a shimmering blue altar of Sif Muna.
  1727 | D:3      | Noticed a scorpion
  1739 | D:3      | Killed a scorpion
  1740 | D:3      | Reached skill level 4 in Fighting
  1740 | D:3      | Reached skill level 1 in Shapeshifting
  1740 | D:3      | Reached XP level 5. HP: 21/42 MP: 7/7
  1901 | D:4      | Found a staircase to the Ecumenical Temple.
  2078 | D:4      | Found Rouneat's Neck Hole.
  2125 | D:4      | Noticed an ogre
  2141 | D:4      | Killed an ogre
  2142 | D:4      | Gained mutation: Your touch may inflict minor irresistible
                  | damage on your foes. [demonic ancestry]
  2142 | D:4      | Reached XP level 6. HP: 34/49 MP: 8/8
  2381 | D:4      | Reached * piety under Qazlal
  2617 | D:5      | Entered Level 5 of the Dungeon
  2701 | D:5      | Gained mutation: You are mostly covered in large bone
                  | plates. (SH +6) [demonic ancestry]
  2701 | D:5      | Reached XP level 7. HP: 52/55 MP: 10/10
  3384 | D:6      | Reached skill level 5 in Fighting
  3393 | D:6      | Killed from afar by an orc priest

Illustrated notes

Levels and vault maps discovered:
D:1:      dpeg_arrival_lava_temple_mockup, layout_basic,
          hellmonk_ecumenical_altar_slurped_away, minivault_23
D:2:      layout_rooms, serial_glass, glass_columns_a, glass_columns_a,
          glass_columns_c, glass_columns_b, glass_columns_c, glass_columns_b,
          glass_columns_c, glass_columns_c, minmay_strange_pillars, basic_altar
D:3:      layout_rooms, led_sif_book
D:4:      layout_basic, minmay_temple_entry_sparse_star,
          nicolae_shop_sticking_my_neck_out
D:5:      dreamdust_elfheim, layout_cave_pools, gup_sewer_entry_bubbles,
          serial_bayou_crossing
D:6:      layout_rooms, mainiacjoe_overflow_brackets,
          chequers_serial_rivers_large_a, uniq_edmund

Skill      XL: |  1  2  3  4  5  6  7 |
---------------+----------------------+-----
Axes           | 2 3 4 |  4.0
Invocations    | 1 2 3 4 |  4.9
Fighting       | 4 5 |  5.0
Shapeshifting  | 1 2 3 |  3.3
Armour         | |  2.6
Shields        | |  2.6

Action                     |  1- 3 |  4- 6 |  7- 9 || total
---------------------------+-------+-------+-------++-------
  Melee: War axe           |    96 |   133 |    54 ||   283
    Use: Scroll            |       |     5 |       ||     5
 Armour: Scale mail        |    41 |       |       ||    41
         Leather armour    |     4 |    57 |    27 ||    88
  Dodge: Dodged            |    47 |    66 |    27 ||   140
  Block: Buckler           |    61 |    59 |    54 ||   174
   Form: Beast             |       |     1 |       ||     1

Table legend: (Time is in decaauts)
 A = Elapsed time spent in this place.
 B = Non-inter-level travel time spent in this place.
 C = Inter-level travel time spent in this place.
 D = Time resting spent in this place.
 E = Time spent auto-exploring this place.
 F = Levels seen in this place.
 G = Mean time per level.
                   A        B        C        D        E       F      G
               +--------+--------+--------+--------+--------+-----+--------+
         Total |   3533 |   3446 |     87 |    171 |   2316 |   6 |  588.8 |
       Dungeon |   3533 |   3446 |     87 |    171 |   2316 |   6 |  588.8 |
               +--------+--------+--------+--------+--------+-----+--------+

Top non-repeatable levels by time:
     D:1: 777 daAuts
     D:5: 777 daAuts
     D:4: 748 daAuts
     D:3: 644 daAuts
     D:2: 534 daAuts
     D:6: 51 daAuts
